 Dungeon Crawl Stone Soup version 0.23.0-2-g0fe3ce5 (webtiles) character file.

Game seed: 5597431010427761920

12838 xccam the Transmogrifier (level 11, -2/97 HPs)
             Began as a Grey Draconian Transmuter on Feb 19, 2019.
             Was a High Priest of Okawaru.
             Slain by a manticore (5 damage)
             ... on level 11 of the Dungeon.
             The game lasted 00:29:49 (13927 turns).

xccam the Transmogrifier (DrTm)                    Turns: 13927, Time: 00:29:49

Health: -2/97      AC: 13    Str: 13    XL:     11   Next: 67%
Magic:  14/15      EV: 19    Int: 16    God:    Okawaru [*****.]
Gold:   186        SH: 11    Dex: 12    Spells: 8/14 levels left

rFire    + . .     SeeInvis .     - Unarmed
rCold    . . .     Gourm    .   D - +2 buckler {rF+}
rNeg     . . .     Faith    .   (armour unavailable)
rPois    +         Spirit   .   (helmet restricted)
rElec    .         Reflect  +   t - +0 cloak {+Inv}
rCorr    +         Harm     .   (no gloves)
MR       .....                  (no boots)
Stlth    +++.......             r - +3 amulet of reflection
HPRegen  0.26/turn              g - ring of resist corrosion
MPRegen  0.14/turn              x - ring of poison resistance

@: appendage, heroism, studying Poison Magic
A: walk through water, unfitting armour, horns 2, unbreathing, cold-blooded, AC
+12
a: End Transformation, Heroism, Finesse, Renounce Religion, Evoke Invisibility


You were on level 11 of the Dungeon.
You worshipped Okawaru.
Okawaru was extremely pleased with you.
You were hungry.
You had grown temporary horns.
You visited 1 branch of the dungeon, and saw 11 of its levels.
You also visited: Sewer.

You collected 573 gold pieces.
You spent 387 gold pieces at shops.

Inventory:

Missiles
 a - 143 arrows
Armour
 t - a +0 cloak of invisibility (worn)
 D - a +2 buckler of fire resistance (worn)
 E - a scarf of cloud immunity
Jewellery
 g - a ring of resist corrosion (left hand)
 o - an uncursed amulet of the acrobat
 r - a +3 amulet of reflection (around neck)
 x - a ring of poison resistance (right hand)
 A - a cursed ring of teleportation
Wands
 n - a wand of acid (8)
 u - a wand of flame (28)
 I - a wand of disintegration (9)
Scrolls
 b - a scroll of noise
 d - a scroll of random uselessness {unknown}
 k - 7 scrolls of remove curse
 m - 8 scrolls of teleportation
 p - a scroll of fog
 q - a scroll of magic mapping
 s - 2 scrolls of enchant armour
 v - 2 scrolls of torment
 w - a scroll of fear
 G - a scroll of identify
Potions
 e - 7 potions of might
 f - 2 potions of flight
 h - 4 potions of heal wounds
 i - a potion of agility
 j - a potion of brilliance
 l - 6 potions of curing
 z - a potion of cancellation {unknown}
 C - 2 potions of resistance
 F - a potion of magic {unknown}
 H - a potion of lignification {unknown}
 J - 2 potions of ambrosia {unknown}
Books
 y - a manual of Poison Magic
Comestibles
 c - 12 rations
 B - 10 chunks of flesh


   Skills:
 - Level 9.5(14.5) Fighting
 - Level 8.1(13.1) Dodging
 - Level 0.5(5.5) Stealth
 - Level 5.0(10.0) Shields
 + Level 7.3(12.3) Unarmed Combat
 - Level 2.0 Spellcasting
 + Level 10.0 Transmutations
 - Level 4.4 Poison Magic
 - Level 6.0 Invocations


You had 8 spell levels left.
You knew the following spells:

 Your Spells              Type           Power        Failure   Level  Hunger
a - Beastly Appendage     Tmut           ####..       1%          1    #......
b - Sticks to Snakes      Tmut           ####....     1%          2    ###....
c - Spider Form           Tmut/Pois      ###.......   3%          3    ###....

Your spell library contained the following spells:

 Spells                   Type           Power        Failure   Level  Hunger
 Blade Hands              Tmut           ####......   10%         5    ######.
 Magic Dart               Conj           #...         21%         1    #......
 Ice Form                 Ice/Tmut       ###.....     26%         4    #####..
 Searing Ray              Conj           #.....       30%         2    ###....
 Dazzling Spray           Conj/Hex       #.....       52%         3    ###....
 Force Lance              Conj/Tloc      #.......     90%         4    #####..
 Fulminant Prism          Conj/Hex       #.........   90%         4    #####..
 Iskenderun's Mystic Bla  Conj           #.......     90%         4    #####..


Dungeon Overview and Level Annotations

Branches:
Dungeon (11/15)            Temple (0/1) D:7            Lair (0/6) D:8
    Orc (0/2) D:9

Altars:
Ashenzari
Hepliaklqana
Kikubaaqudgha
Makhleb
Nemelex Xobeh
Okawaru
Trog
Yredelemnul
Zin

Shops:
D:4 }   D:9 [


Innate Abilities, Weirdness & Mutations

You can walk through water.
Your dull iron-grey scales are very hard. (AC +12)
You cannot fit into any form of body armour.
You can survive without breathing.
You are cold-blooded and may be slowed by cold attacks.
You have a pair of horns on your head.


Message History

Unknown command.
You barely miss the manticore. Your headbutt misses the manticore.
Your tail-slap misses the manticore.
The manticore is severely wounded.
You block the manticore's attack. x2; The manticore claws you.
* * * LOW HITPOINT WARNING * * *
The crimson imp barely misses you.
Unknown command.
You closely miss the manticore. You headbutt the manticore.
You tail-slap the manticore.
The manticore is almost dead.
The manticore closely misses you. You block the manticore's attack.
The manticore barely misses you. You block the crimson imp's attack.
Unknown command.
You hit the manticore.
The manticore is almost dead.
The manticore bites you!
* * * LOW HITPOINT WARNING * * *
The manticore closely misses you. The manticore claws you.
You die...

#...... #....# .#
#...... . ....####.#
#...... .. #....#...#
........ ...##.?......#
#........
.............###........
.....>.......#...#......
......5..........#......
#...H@.........##.....
......†...........##<...
......................##
.#..##.................#
#......................
# ............)........
......................
......................
................#....


You could see a manticore and a crimson imp.

Vanquished Creatures
  Harold (D:10)
  A two-headed ogre (D:9)
  Pikel (D:7)
  An ugly thing (D:9)
  A centaur skeleton (D:10)
  2 trolls
  6 slime creatures (D:9)
  3 wyverns
  3 hogs (D:11)
  14 yaks
  A human (D:11)
  3 hungry ghosts
  A water moccasin (D:8)
  An ice beast (D:6)
  6 sky beasts
  5 orc warriors
  3 ogres
  2 necrophages
  2 wolves (D:8)
  3 centaurs
  A big kobold (D:10)
  4 bullfrogs
  A water moccasin zombie (D:10)
  4 scorpions
  14 killer bees
  5 wights (D:8)
  2 electric eels (D:8)
  7 howler monkeys
  2 bullfrog zombies
  2 crimson imps
  A quasit (D:9)
  2 centaur zombies
  A jelly (D:9)
  11 hounds
  4 orc priests
  5 orc wizards
  A bullfrog skeleton (D:11)
  2 iguanas
  5 worker ants
  2 hound skeletons
  A hound zombie (D:10)
  14 adders
  7 river rats
  3 shadow imps
  An ooze (Sewer)
  An adder skeleton (D:9)
  4 worms
  3 dart slugs
  9 leopard geckos
  38 orcs
  4 giant cockroaches (D:1)
  14 goblins
  4 hobgoblins
  2 jackals (D:2)
  24 kobolds
  3 quokkas
  9 ball pythons
  11 bats
  4 frilled lizards
  A quokka skeleton (D:7)
  A quokka zombie (D:5)
  25 rats
  A plant (D:2)
320 creatures vanquished.

Vanquished Creatures (collateral kills)
  An orc wizard (D:3)
  A worm (D:2)
  3 orcs (D:3)
  A ball python (D:3)
  A kobold (Sewer)
  3 rats (Sewer)
10 creatures vanquished.

Vanquished Creatures (others)
  A centaur (D:6)
  4 jackals (D:7)
  A bush (D:2)
  A plant (D:2)
7 creatures vanquished.

Grand Total: 337 creatures vanquished

Notes
Turn   | Place    | Note
-------+----------+-------------------------------------------
     0 | D:1      | xccam the Draconian Transmuter began the quest for the Orb.
     0 | D:1      | Reached XP level 1. HP: 16/16 MP: 3/3
   115 | D:1      | Reached XP level 2. HP: 23/23 MP: 5/5
   631 | D:1      | Reached XP level 3. HP: 28/28 MP: 6/6
   635 | D:1      | Learned a level 2 spell: Sticks to Snakes
   704 | D:1      | Found a sparkling altar of Nemelex Xobeh.
  1179 | D:2      | Reached XP level 4. HP: 15/35 MP: 7/7
  2078 | D:3      | Found a hazy altar of Hepliaklqana.
  2082 | D:3      | Found a basalt altar of Yredelemnul.
  2083 | D:3      | Found an iron altar of Okawaru.
  2099 | D:3      | Became a worshipper of Warmaster Okawaru
  2233 | D:3      | Found a glowing drain.
  2243 | D:3      | Reached skill level 3 in Transmutations
  2244 | D:3      | Reached XP level 5. HP: 25/40 MP: 3/8
  2251 | D:3      | Reached skill level 5 in Unarmed Combat
  2263 | Sewer    | Entered a sewer
  4041 | D:4      | Reached skill level 4 in Transmutations
  4041 | D:4      | Reached XP level 6. HP: 42/47 MP: 9/9
  4118 | D:4      | Found Deyweo's Gadget Boutique.
  4507 | D:5      | Entered Level 5 of the Dungeon
  4511 | D:5      | Reached skill level 1 in Invocations
  4584 | D:5      | Noticed a sky beast
  4599 | D:5      | Killed a sky beast
  4599 | D:5      | Reached * piety under Okawaru
  4669 | D:5      | Your scales start taking on a dull iron-grey colour.
  4669 | D:5      | Reached XP level 7. HP: 18/52 MP: 10/10
  4669 | D:5      | Gained mutation: You can survive without breathing. [Grey
                  | Draconian growth]
  5429 | D:6      | Reached skill level 5 in Transmutations
  6047 | D:6      | Reached skill level 6 in Transmutations
  6053 | D:6      | Reached XP level 8. HP: 22/59 MP: 8/11
  6456 | D:6      | Reached skill level 5 in Invocations
  6855 | D:7      | Reached ** piety under Okawaru
  7147 | D:7      | Found a staircase to the Ecumenical Temple.
  7208 | D:7      | Reached skill level 5 in Fighting
  7367 | D:7      | Reached XP level 9. HP: 65/74 MP: 13/13
  7383 | D:7      | Found a burning altar of Makhleb.
  7394 | D:7      | Found a shattered altar of Ashenzari.
  7394 | D:7      | Found a bloodstained altar of Trog.
  7394 | D:7      | Found a glowing silver altar of Zin.
  7398 | D:7      | Found a sparkling altar of Nemelex Xobeh.
  7419 | D:7      | Noticed Pikel
  7445 | D:7      | Killed Pikel
  7445 | D:7      | Reached *** piety under Okawaru
  7445 | D:7      | Reached skill level 5 in Dodging
  7996 | D:8      | Identified a scroll of acquirement
  8371 | D:8      | Noticed a troll
  8657 | D:8      | Killed a troll
  8657 | D:8      | Reached **** piety under Okawaru
  8699 | D:8      | Reached XP level 10. HP: 51/88 MP: 9/14
  8731 | D:8      | HP: 4/90 [electric eel/bolt of electricity (4)]
  9077 | D:8      | Found a staircase to the Lair.
  9642 | D:8      | Learned a level 3 spell: Spider Form
  9652 | D:8      | Found an ancient bone altar of Kikubaaqudgha.
 10177 | D:8      | Reached skill level 1 in Poison Magic
 10410 | D:9      | Noticed a green ugly thing
 10444 | D:9      | Killed a green ugly thing
 10708 | D:9      | Noticed a two-headed ogre
 11078 | D:9      | Killed a two-headed ogre
 11078 | D:9      | Reached ***** piety under Okawaru
 11130 | D:9      | Reached skill level 7 in Transmutations
 11332 | D:9      | Found a staircase to the Orcish Mines.
 11898 | D:9      | Found Tytosas's Antique Armour Shoppe.
 11902 | D:9      | Bought a shiny buckler for 187 gold pieces
 11902 | D:9      | Bought a glowing scarf for 200 gold pieces
 11988 | D:9      | Reached skill level 1 in Shields
 11996 | D:9      | Reached XP level 11. HP: 78/97 MP: 13/15
 12072 | D:10     | Entered Level 10 of the Dungeon
 12803 | D:10     | Reached skill level 8 in Transmutations
 13364 | D:10     | Noticed Harold
 13379 | D:10     | Killed Harold
 13423 | D:11     | Reached skill level 5 in Shields
 13517 | D:11     | Reached skill level 9 in Transmutations
 13918 | D:11     | Reached skill level 10 in Transmutations
 13927 | D:11     | HP: 3/97 [manticore (13)]
 13927 | D:11     | Slain by a manticore

Skill      XL: |  1  2  3  4  5  6  7  8  9 10 11 |
---------------+----------------------------------+-----
Unarmed Combat | 4 5 6 7 |  7.3
Dodging        | 2 4 7 8 |  8.1
Transmutations | 3 4 6 7 10 | 10.0
Invocations    | 2 4 6 |  6.0
Fighting       | 5 8 9 |  9.5
Poison Magic   | 4 |  4.4
Shields        | 1 5 |  5.0
Stealth        | |  0.5
Spellcasting   | |  2.0

Action                   |  1- 3 |  4- 6 |  7- 9 | 10-12 || total
-------------------------+-------+-------+-------+-------++-------
Melee: Unarmed           |   205 |   288 |   552 |   790 ||  1835
       Tailslap          |    20 |    23 |    52 |   115 ||   210
       Punch             |     5 |     6 |    13 |    17 ||    41
       Headbutt          |     1 |     1 |     6 |    39 ||    47
       Kick              |       |    10 |    21 |     8 ||    39
 Cast: Beastly Appendage |     1 |    14 |    10 |    11 ||    36
       Sticks to Snakes  |     2 |     9 |     2 |     1 ||    14
Invok: Heroism           |       |       |     7 |    17 ||    24
Evoke: Wand              |       |       |     1 |     5 ||     6
  Use: Scroll            |       |     6 |    10 |     8 ||    24
       Potion            |       |       |     4 |     2 ||     6
 Stab: Sleeping          |     2 |     1 |     3 |     1 ||     7
  Eat: Chunk             |     1 |     8 |    12 |    12 ||    33
       Ration            |       |     1 |     4 |     3 ||     8
Armor: Skin              |    49 |    74 |   202 |   165 ||   490
Dodge: Dodged            |   102 |   170 |   353 |   482 ||  1107
Block: Other             |       |       |    75 |    28 ||   103
       Reflection        |       |       |     2 |     2 ||     4
       Buckler           |       |       |       |   238 ||   238
